Map: Bel'Shir-Ruinen LE (Void)

Players

teamST - Winner!

  • Race: Zerg Zerg
  • League: Master
  • Spawn Location: 5:00

K.I.-1 (Mittel)

  • Race: Terran Terran
  • Spawn Location: 11:00

VOD

Have the link to the VOD?

Description

Time

  • Played on: March 28, 2017, 6:51 p.m.
  • Length: 10:21
Show
View Real Time Build Order
Export as new Build Order

teamST Zerg - Winner!

Build Orders: Hatch First 

Get SALT Encoding   

  12  0:02  Drone  
  13  0:13  Overlord  
  13  0:17  Drone  
  14  0:33  Drone x2  
  16  0:36  Drone  
  17  0:52  Hatchery  
  17  0:56  Drone  
  17  0:59  Drone  
  18  1:12  Spawning Pool  
  18  1:14  Drone  
  18  1:20  Drone  
  19  1:31  Drone  
  20  1:42  Drone  
  21  1:51  Overlord  
  21  2:03  Queen  
  21  2:04  Queen  
  21  2:05  Zergling x4  
  27  2:13  Drone  
  27  2:15  Drone  
  29  2:23  Drone  
  29  2:29  Overlord  
  30  2:34  Overlord  
  30  2:47  Queen x2  
  33  2:55  Extractor x2  
  33  2:56  Drone x4  
  34  3:09  Drone x3  
  37  3:24  Drone x6  
  43  3:34  Evolution Chamber x2  
  43  3:36  Roach Warren  
  43  3:40  Lair, Overlord  
  40  3:41  Drone x2  
  42  3:52  Drone x2  
  44  3:59  Drone x7  
  51  4:05  Extractor  
  51  4:07  Extractor  
  49  4:25  Zerg Missile Weapons Level 1, Zerg Ground Armor Level 1  
  49  4:32  Overlord x2  
  49  4:35  Drone x2  
  49  4:38  Spore Crawler  
  50  4:40  Drone x3, Spore Crawler  
  50  4:41  Glial Reconstitution  
  52  5:02  Roach  
  52  5:03  Roach x6  
  66  5:07  Overlord  
  66  5:11  Hatchery  
  65  5:23  Overlord x2  
  65  5:24  Overlord  
  65  5:26  Roach x3  
  71  5:34  Roach  
  71  5:35  Roach  
  75  5:39  Overlord x3  
  75  5:42  Overlord  
  75  5:46  Roach  
  75  5:47  Roach  
  79  6:00  Roach x2  
  83  6:06  Drone  
  83  6:08  Drone  
  83  6:09  Roach  
  83  6:10  Roach x3  
  93  6:13  Ravager x6  
  93  6:14  Ravager  
  102  6:18  Roach  
  102  6:29  Roach  
  102  6:30  Roach  
  95  6:36  Roach  
  95  6:37  Roach x5  
  105  6:54  Zerg Missile Weapons Level 2  
  105  6:59  Drone x5  
  110  7:06  Zerg Ground Armor Level 2  
  110  7:09  Drone x4  
  110  7:10  Drone x2  
  110  7:11  Drone  
  117  7:22  Hydralisk Den  
  116  7:23  Drone x5  
  121  7:40  Extractor  
  121  7:41  Extractor  
  121  7:42  Drone  
  121  7:43  Drone x4  
  121  7:44  Drone x2  
  125  7:45  Drone  
  125  7:50  Hatchery  
  126  7:51  Overlord x2  
  126  7:52  Overlord  
  126  7:53  Roach x4  
  126  7:55  Muscular Augments  
  134  7:58  Overseer  
  134  7:59  Overseer  
  134  8:05  Overlord x3  
  134  8:17  Hydralisk x3  
  134  8:18  Hydralisk x3  
  146  8:28  Hydralisk x5  
  156  8:37  Overlord x2  
  156  8:38  Hydralisk x2  
  156  8:40  Hydralisk  
  162  8:57  Hydralisk x6  
  174  9:05  Roach  
  174  9:06  Roach x4  
  184  9:21  Roach x8  
  198  9:42  Roach  
  200  9:53  Infestation Pit  
  200  9:59  Extractor  
  198  10:01  Extractor  
  199  10:08  Ravager  
Show
View Real Time Build Order
Export as new Build Order

K.I.-1 (Mittel) Terran 

Build Orders:  

Get SALT Encoding   

  12  0:00  SCV  
  13  0:13  SCV  
  14  0:18  Supply Depot  
  14  0:25  SCV  
  15  0:40  SCV  
  16  0:45  Barracks  
  16  0:52  SCV  
  17  1:04  SCV  
  18  1:18  Command Center  
  18  1:31  Orbital Command  
  18  1:32  Marine  
  18  1:38  Supply Depot  
  19  1:45  Refinery  
  19  1:50  Marine  
  20  1:57  SCV  
  21  2:01  Barracks  
  21  2:08  Refinery  
  21  2:10  SCV  
  22  2:19  Marine  
  22  2:22  SCV  
  24  2:34  SCV  
  25  2:39  Barracks Tech Lab  
  25  2:45  SCV  
  26  2:52  Refinery  
  26  2:57  SCV  
  26  2:58  Marauder  
  29  3:00  Refinery  
  29  3:01  Barracks Tech Lab  
  29  3:12  Factory  
  29  3:14  SCV  
  29  3:19  Marauder  
  32  3:22  SCV  
  32  3:26  SCV  
  34  3:28  Marauder  
  34  3:32  Factory  
  36  3:34  SCV  
  37  3:42  Marine  
  38  3:51  Supply Depot  
  38  3:55  Factory Tech Lab  
  38  3:56  Marine  
  38  4:00  Starport  
  39  4:07  SCV  
  40  4:10  SCV  
  40  4:11  Reaper  
  40  4:16  Factory Tech Lab  
  42  4:19  SCV  
  43  4:25  Marine  
  43  4:28  Supply Depot  
  43  4:29  SCV  
  45  4:32  SCV  
  45  4:38  Medivac  
  48  4:41  SCV  
  48  4:42  Marine  
  48  4:44  SCV  
  51  4:53  SCV, Marine  
  51  4:55  Supply Depot  
  51  4:57  SCV  
  54  5:05  SCV  
  55  5:07  Marine  
  56  5:17  SCV  
  56  5:20  Supply Depot  
  56  5:21  SCV  
  58  5:22  Marine  
  58  5:25  Medivac  
  61  5:29  SCV  
  61  5:33  SCV  
  63  5:37  Marauder  
  63  5:42  SCV, Engineering Bay  
  66  5:45  SCV, Supply Depot  
  67  5:51  Marauder  
  67  5:54  SCV  
  67  5:56  Starport Tech Lab  
  70  5:58  SCV  
  71  6:05  Reaper  
  71  6:06  SCV  
  71  6:08  Supply Depot  
  71  6:10  SCV, Missile Turret  
  74  6:11  Missile Turret  
  74  6:13  Missile Turret  
  74  6:15  Raven, Missile Turret  
  76  6:18  SCV  
  76  6:22  SCV, Sensor Tower  
  76  6:23  Ghost Academy  
  77  6:30  SCV, Marine  
  75  6:34  SCV  
  65  6:43  SCV  
  65  6:44  Reaper  
  65  6:46  SCV  
  60  6:58  Raven, Marine  
  63  7:08  Supply Depot  
  63  7:11  Bunker  
  63  7:13  Bunker  
  63  7:16  Marine  
  63  7:18  Armory  
  64  7:24  Barracks  
  64  7:27  Marine  
  65  7:41  Marine  
  66  7:56  Marauder  
  68  8:10  Barracks Reactor, Marine  
  69  8:24  Ghost  
  70  8:39  Marauder  
  72  8:53  Marine  
  73  9:07  Marine  
  74  9:22  Marine  
  75  9:29  Viking  
  63  9:37  Hellion  
  54  9:44  Hellion  
  51  9:52  Marauder, SCV, Barracks Tech Lab  
  38  10:00  Engineering Bay  
  38  10:02  Barracks Tech Lab  
  38  10:04  SCV  
  38  10:05  Supply Depot  
  38  10:06  Barracks Tech Lab  
  25  10:07  Barracks Tech Lab  
Tags
 
Add a new tag
Caveats
  • Supply blocks, unpowered buildings, or Contaminate may cause inaccurate times.
  • Supply counts are checked every 10 seconds.